 Dungeon Crawl Stone Soup version 0.29-a0-25-g7f48f510a0 (webtiles) character file.

Game seed: 5986932344000509345

60 miscthings the Magician (level 4, -3/31 HPs)
             Began as a Djinni Conjurer on Feb 1, 2022.
             Slain by Robin (8 damage)
             ... on level 2 of the Dungeon.
             The game lasted 00:02:55 (1935 turns).

miscthings the Magician (Djinni Conjurer)           Turns: 1935, Time: 00:02:56

Health: -3/31      AC:  2    Str:  6    XL:     4   Next: 24%
Gold:   88         EV: 12    Int: 22    God:
                   SH:  0    Dex: 11

rFire   + + .      SeeInvis .   (no weapon)
rCold   x . .      Faith    .   (no shield)
rNeg    . . .      Spirit   .   a - +0 robe
rPois   ∞          Reflect  .   (no helmet)
rElec   .          Harm     .   (no cloak)
rCorr   +          Rampage  .   (no gloves)
Will    .....                   (boots unavailable)
Stlth   ++........              (no amulet)
HPRegen 0.10/turn               g - ring of resist corrosion
MPRegen 0.00/turn               (no ring)

@: flying
A: sickness immunity, fire resistance 2, cold vulnerability 1, float, innate
caster, HP casting, extra vitality 1
a: no special abilities


You were on level 2 of the Dungeon.
You visited 1 branch of the dungeon, and saw 2 of its levels.

You collected 88 gold pieces.

Inventory:

Armour
 a - a +0 robe (worn)
 o - the +4 ring mail of Dowdy Liberty {Int+4}
   (You found it on level 2 of the Dungeon)

   Int:       It affects your intelligence (+4).
Jewellery
 g - a ring of resist corrosion (left hand)
Wands
 m - a wand of digging (3)
Scrolls
 b - 2 scrolls of identify {unknown}
 c - a scroll of fear {unknown}
 e - 2 scrolls of amnesia {unknown}
 l - 2 scrolls of vulnerability {unknown}
 q - a scroll of magic mapping {unknown}
Potions
 d - a potion of invisibility {unknown}
 f - a potion of flight {unknown}
 h - a potion of haste {unknown}
 i - a potion of lignification {unknown}
 j - a potion of heal wounds {unknown}
 k - a potion of mutation {unknown}
 n - 2 potions of brilliance {unknown}
 p - a potion of berserk rage {unknown}


   Skills:
 - Level 2.1 Dodging
 - Level 1.5 Stealth
 + Level 4.3 Spellcasting


You couldn't memorise any spells.
You knew the following spells:

 Your Spells              Type           Power      Damage    Failure   Level
a - Searing Ray           Conj           48%        2d6       2%          2
b - Magic Dart            Conj           96%        1d7       1%          1
c - Dazzling Flash        Conj/Hex       48%        N/A       5%          3
d - Fulminant Prism       Conj/Hex       12%        3d9       19%         4
e - Iskenderun's Mystic   Conj/Tloc      24%        2d7       19%         4
f - Beastly Appendage     Tmut           48%        N/A       1%          1
Your spell library was empty.

Dungeon Overview and Level Annotations

Branches:
Dungeon (2/15)

Altars:

Annotations:
D:2 Robin


Innate Abilities, Weirdness & Mutations

You are immune to sickness and miasma.
You are immune to poison.
Your flesh is very heat resistant. (rF++)
You are vulnerable to cold. (rC-)
You float through the air rather than walking.
You learn spells naturally, not from books.
Your magical power is your life essence.
You have superior vitality. (+4 MHP)


Message History

The searing ray hits the goblin!
You kill the goblin!
The searing ray hits the hobgoblin!
You kill the hobgoblin!
Things that are here:
a +0 hunting sling; a +0 dagger; 11 stones Robin and 2 goblins come into view.
Robin is wielding a +3 trident of protection.
The goblin shouts! x2
Things that are here:
a +0 club; a +0 club; a hobgoblin corpse
Casting: Searing Ray (safe; 2% risk of failure)
Confirm with . or Enter, or press ? or * to list all spells.
Aiming: Searing Ray (safe; 2% risk of failure)
Press: ? - help, Shift-Dir - straight line, f - goblin
Aim: a goblin, wielding a +0 dagger (74% to hit)
The searing ray hits Robin but does no damage.
The searing ray misses the goblin. (Press . to maintain the ray.) Robin throws the goblin at you!
The goblin hits you with a +0 dagger.
The searing ray hits the goblin.
The goblin is severely wounded.
Robin hits you from afar with a +3 trident of protection!
The goblin hits you with a +0 dagger.
* * * LOW HITPOINT WARNING * * *
Things that are here:
a +0 hunting sling; a +0 dagger; 11 stones Robin throws the goblin at you!
The goblin hits you with a +0 dagger.
* * * LOW HITPOINT WARNING * * *
You closely miss the goblin. The goblin completely misses you.
Robin closely misses you.
You hit the goblin.
The goblin is heavily wounded.
The goblin hits you with a +0 dagger.
* * * LOW HITPOINT WARNING * * *
The goblin misses you. Robin closely misses you.
The goblin hits you with a +0 dagger.
* * * LOW HITPOINT WARNING * * *
Robin hits you from afar with a +3 trident of protection!
You die...

#.###.# #
#.###.##### .#
####.##......#
#.###.##.##..###.#
#............# #.#
.#......###.# #.#
##...#.....###.####
##.######...gg)g.#
#.# #.###@##.# #.#
#.# #.# .# ##'## .#
#.# g# ##...## .#
..# .# ##.....##
### .# ##.......#
.# #.........# ##
'.........+
#.........#


You could see Robin and 2 goblins.

Vanquished Creatures
  A dart slug (D:1)
  3 endoplasms
  12 giant cockroaches
  8 goblins
  6 hobgoblins
  2 quokkas (D:1)
  2 frilled lizards (D:1)
  4 kobolds (D:1)
  14 rats
52 creatures vanquished.

Notes
Turn   | Place    | Note
-------+----------+-------------------------------------------
     0 | D:1      | miscthings the Djinni Conjurer began the quest for the Orb.
     0 | D:1      | Reached XP level 1. HP: 15/15 MP: 0/0
    50 | D:1      | Reached XP level 2. HP: 9/21 MP: 0/0
   659 | D:1      | Reached XP level 3. HP: 11/25 MP: 0/0
   659 | D:1      | Learned a level 1 spell: Beastly Appendage
   955 | D:1      | Reached skill level 4 in Spellcasting
  1461 | D:2      | Identified the +4 ring mail of Dowdy Liberty {Int+4}
  1551 | D:2      | Reached XP level 4. HP: 18/31 MP: 0/0
  1928 | D:2      | Noticed Robin
  1935 | D:2      | Slain by Robin

Illustrated notes

Levels and vault maps discovered:
D:1:      roderic_crossed_star, layout_loops_corners, moated_statue,
          dk_noncrumbling_2, amcnicky_mini_rare_corridor_liquid,
          minmay_hexomino_p4
D:2:      minmay_roachtagon, layout_loops_corners, grunt_ministairs_14,
          st_stairs_7, minmay_parallelograms, hangedman_feature_mirror,
          minmay_rat_gold_closets, uniq_robin

Skill      XL: |  1  2  3 |
---------------+----------+-----
Spellcasting   | 4 |  4.3
Dodging        | |  2.1
Stealth        | |  1.5

Action                   |  1- 3 |  4- 6 || total
-------------------------+-------+-------++-------
Melee: Unarmed           |       |     2 ||     2
 Cast: Magic Dart        |    16 |     1 ||    17
       Searing Ray       |    24 |     5 ||    29
Armor: Robe              |     4 |     2 ||     6
Dodge: Dodged            |    14 |     6 ||    20

Table legend: (Time is in decaauts)
 A = Elapsed time spent in this place.
 B = Non-inter-level travel time spent in this place.
 C = Inter-level travel time spent in this place.
 D = Time resting spent in this place.
 E = Time spent auto-exploring this place.
 F = Levels seen in this place.
 G = Mean time per level.
                   A        B        C        D        E       F      G
               +--------+--------+--------+--------+--------+-----+--------+
         Total |   1934 |   1920 |     14 |    594 |   1084 |   2 |  967.0 |
       Dungeon |   1934 |   1920 |     14 |    594 |   1084 |   2 |  967.0 |
               +--------+--------+--------+--------+--------+-----+--------+

Top non-repeatable levels by time:
     D:1: 1444 daAuts
     D:2: 489 daAuts
